 Dungeon Sprint DCSS version 0.27.1-34-g3ba077fa99 (webtiles) character file.

Game seed: 16411792316512620992

444 Karpo the Unseen (level 6, -3/28 HPs)
             Began as a Spriggan Enchanter on Feb 4, 2022.
             Was an Initiate of Dithmenos.
             Slain by Sonja (6 damage)
             ... in the Dungeon (Sprint I: "Red Sonja").
             The game lasted 00:01:57 (225 turns).

Karpo the Unseen (Spriggan Enchanter)                Turns: 225, Time: 00:01:58

Health: -3/28      AC:  2    Str:  4    XL:     6   Next: 72%
Magic:  9/11       EV: 17    Int: 18    God:    Dithmenos [......]
Gold:   297        SH:  0    Dex: 16    Spells: 1/10 levels left

rFire    . . .     SeeInvis +   a - +1 dagger
rCold    . . .     Faith    .   (shield restricted)
rNeg     . . .     Spirit   .   b - +0 robe
rPois    .         Reflect  .   (helmet restricted)
rElec    .         Harm     .   (no cloak)
rCorr    .         Rampage  .   (gloves unavailable)
Will     +....     NoTele   +   (boots unavailable)
Stlth    ++++++++..             (no amulet)
HPRegen  0.09/turn              (no ring)
MPRegen  0.12/turn              (no ring)

@: very quick
A: very small, no large weapons, unfitting armour, see invisible, speed 3
a: Renounce Religion


You were in the Dungeon.
You worshipped Dithmenos.
Dithmenos was noncommittal.
You visited 1 branch You collected 297 gold pieces.

Inventory:

Hand Weapons
 a - a +1 dagger (weapon)
Armour
 b - a +0 robe (worn)
Scrolls
 h - a scroll of blinking
Potions
 c - a potion of curing
 d - a potion of heal wounds
 e - a potion of haste
 f - 2 potions of magic
 g - a potion of degeneration {unknown}
 i - a potion of brilliance {unknown}


   Skills:
 - Level 1.1 Short Blades
 - Level 2.6 Dodging
 + Level 20.3 Stealth
 - Level 2.6 Spellcasting
 - Level 3.6 Hexes


You had one spell level left.
You knew the following spells:

 Your Spells              Type           Power      Damage    Failure   Level
a - Corona                Hex            16%        N/A       3%          1
b - Ensorcelled Hibernat  Hex/Ice        16%        N/A       12%         2
c - Confusing Touch       Hex            15%        N/A       12%         3
d - Tukima's Dance        Hex            15%        N/A       12%         3

Your spell library contained the following spells:

 Spells                   Type           Power      Damage    Failure   Level
 Dazzling Flash           Conj/Hex       16%        N/A       24%         3


Dungeon Overview and Level Annotations

Branches:
Dungeon (1/1)

Altars:
Cheibriados
Dithmenos
Elyvilon
Fedhas
Gozag
Hepliaklqana
Kikubaaqudgha
Nemelex Xobeh
Okawaru
Qazlal
Ru
Sif Muna
Trog
Uskayaw
Vehumet
Wu Jian
Yredelemnul
Zin
The Shining One

Shops:
D *

Annotations:
D Sonja


Innate Abilities, Weirdness & Mutations

You are very small and have problems with some larger weapons.
You are too small for most types of armour.
You have supernaturally acute eyesight. (SInv)
You cover ground extremely quickly. (Speed+++)


Message History

Found an opulent altar of Gozag.
There is an open door here.
The helpless yak fails to defend itself.
You stick the yak like a pincushion!!!!
You kill the yak!
Your Stealth skill gained 2 levels and is now at level 20!
Found a sparkling altar of Nemelex Xobeh.
You see here a yak corpse.
There is a hide-covered altar of Uskayaw here.
There is a shadowy altar of Dithmenos here.
You kneel at the altar of Dithmenos.
Dithmenos welcomes you!
There is an entrance to Sitoger's Assorted Antiques here.
You can access your shopping list by pressing '$'.
You see here a yak corpse.
There is an open door here.
You open the door.
Sonja, the Graceful Assassin comes into view.
She is wielding a +2 dagger of distortion, quivering curare-tipped darts and carrying a wand of flame (23).
Found 108 gold pieces.
There is an open door here.
Sonja shouts!
Sonja twirls her cape.
You hit Sonja.
Sonja is lightly wounded.
Sonja misses you. Sonja closely misses you.
Sonja hits you with a +2 dagger of distortion.
Space bends around you.
Casting: Ensorcelled Hibernation (safe; 12% risk of failure)
Confirm with . or Enter, or press ? or * to list all spells.
Aiming: Ensorcelled Hibernation (safe; 12% risk of failure)
Press: ? - help, Shift-Dir - straight line, f - Sonja
Aim: Sonja, wielding a +2 dagger of distortion, quivering curare-tipped darts and carrying a wand of flame (23) (lightly wounded, chance to affect: 49%) Sonja resists with some effort.
Sonja closely misses you. Sonja misses you. Sonja barely misses you.
Sonja hits you with a +2 dagger of distortion!
Space warps horribly around you!
* * * LOW HITPOINT WARNING * * *
Sonja misses you.
Sonja hits you with a +2 dagger of distortion.
You die...

#..'..#..'..#..+
#..#####'#####'#
#..####..#...#.#
#..#__####..##.#
#..#_____##'#_.+
#⌠⌠#_.∩..†'..._#
####_..__##_.#+#
#_____###'#
####### #@#


+$K$+ #$.$# ##.## #+# You could see Sonja.

Vanquished Creatures
  Sigmund (D)
  A yak (D)
  An ogre (D)
  A jelly (D)
  Ijyb (D)
5 creatures vanquished.

Notes
Turn   | Place    | Note
-------+----------+-------------------------------------------
     0 | D        | Karpo the Spriggan Enchanter began the quest for the Orb.
     0 | D        | Reached XP level 1. HP: 9/9 MP: 5/5
     2 | D        | Noticed Ijyb
    13 | D        | Killed Ijyb
    14 | D        | Reached skill level 10 in Stealth
    14 | D        | Reached XP level 2. HP: 13/13 MP: 6/6
   100 | D        | Learned a level 2 spell: Ensorcelled Hibernation
   101 | D        | Noticed an ogre
   104 | D        | Killed an ogre
   105 | D        | Reached skill level 14 in Stealth
   105 | D        | Reached XP level 3. HP: 16/16 MP: 5/8
   105 | D        | Reached XP level 4. HP: 21/21 MP: 5/9
   148 | D        | Noticed Sigmund
   151 | D        | Killed Sigmund
   152 | D        | Reached skill level 17 in Stealth
   152 | D        | Reached XP level 5. HP: 24/24 MP: 10/10
   157 | D        | Learned a level 3 spell: Confusing Touch
   161 | D        | Learned a level 3 spell: Tukima's Dance
   171 | D        | Found a shimmering blue altar of Sif Muna.
   172 | D        | Found an ornate altar of the Wu Jian Council.
   173 | D        | Found a radiant altar of Vehumet.
   178 | D        | Reached skill level 18 in Stealth
   178 | D        | Reached XP level 6. HP: 28/28 MP: 11/11
   202 | D        | Found Sitoger's Assorted Antiques.
   202 | D        | Found an ancient bone altar of Kikubaaqudgha.
   202 | D        | Found a hazy altar of Hepliaklqana.
   202 | D        | Found a stormy altar of Qazlal.
   202 | D        | Found a hide-covered altar of Uskayaw.
   202 | D        | Found a blossoming altar of Fedhas.
   202 | D        | Found a bloodstained altar of Trog.
   202 | D        | Found an iron altar of Okawaru.
   202 | D        | Found a basalt altar of Yredelemnul.
   202 | D        | Found a glowing golden altar of the Shining One.
   202 | D        | Found a snail-covered altar of Cheibriados.
   202 | D        | Found a sacrificial altar of Ru.
   202 | D        | Found a glowing silver altar of Zin.
   202 | D        | Found a shadowy altar of Dithmenos.
   202 | D        | Found a white marble altar of Elyvilon.
   202 | D        | Noticed a yak
   203 | D        | Found an opulent altar of Gozag.
   204 | D        | Killed a yak
   205 | D        | Reached skill level 20 in Stealth
   205 | D        | Found a sparkling altar of Nemelex Xobeh.
   211 | D        | Became a worshipper of Dithmenos the Shadowed
   221 | D        | Noticed Sonja
   225 | D        | Slain by Sonja

Illustrated notes

Levels and vault maps discovered:
D:        dungeon_sprint_1 [red_sonja_temple_1, red_sonja_temple_small_1]

Skill      XL: |  1  2  3  4  5  6 |
---------------+-------------------+-----
Stealth        | 10 14 17 18 20 | 20.3
Short Blades   | |  1.1
Dodging        | |  2.6
Spellcasting   | |  2.6
Hexes          | |  3.6

Action                   |  1- 3 |  4- 6 || total
-------------------------+-------+-------++-------
Melee: Dagger            |    10 |     4 ||    14
 Cast: Ensorcelled Hiber |     1 |     1 ||     2
  Use: Potion            |     1 |       ||     1
 Stab: Sleeping          |     1 |     3 ||     4
Dodge: Dodged            |     5 |     6 ||    11
